 Dungeon Crawl Stone Soup version 0.21.1-1-g345015fe64 (webtiles) character file.

121 Artool the Skirmisher (level 4, -1/37 HPs)
             Began as a Demonspawn Berserker on June 8, 2018.
             Was a Believer of Trog.
             Slain by Sigmund
             ... wielding a +0 scythe
              (5 damage)
             ... on level 3 of the Dungeon.
             The game lasted 00:12:32 (3088 turns).

Artool the Skirmisher (Demonspawn Berserker)        Turns: 3088, Time: 00:12:33

Health: -1/37      AC:  7    Str: 19    XL:     4   Next: 76%
Magic:  4/4        EV: 17    Int: 13    God:    Trog [**....]
Gold:   80         SH:  0    Dex: 17    Spells: 3/3 levels left

rFire    . . .     SeeInvis .   a - +0 mace
rCold    . . .     Gourm    .   (no shield)
rNeg     . . .     Faith    .   g - +0 ring mail
rPois    .         Spirit   .   (no helmet)
rElec    .         Reflect  .   (no cloak)
rCorr    .         Harm     .   (no gloves)
MR       .....                  (no boots)
Stlth    +.........             (no amulet)
HPRegen  0.12/turn              (no ring)
MPRegen  0.09/turn              (no ring)

@: confused, brilliant, agile, berserk cooldown, slowed, very slow
A: iridescent scales 1, powered by pain 2
a: Berserk, Trog's Hand, Burn Spellbooks, Renounce Religion


You were on level 3 of the Dungeon.
You worshipped Trog.
Trog was pleased with you.
You were hungry.

You visited 1 branch of the dungeon, and saw 3 of its levels.

You collected 80 gold pieces.

Inventory:

Hand Weapons
 a - a +0 mace (weapon)
 j - a +2 hunting sling of freezing
Missiles
 k - 15 sling bullets
Armour
 b - a +0 animal skin
 g - a +0 ring mail (worn)
 r - a +0 chain mail
Jewellery
 o - a +4 ring of protection {unknown}
 p - a cursed ring of teleportation {unknown}
 t - an uncursed ring of magical power {unknown}
Scrolls
 e - 6 scrolls of identify {unknown}
 l - 3 scrolls of blinking {unknown}
 m - a scroll of teleportation {unknown}
 n - a scroll of fear {unknown}
 s - a scroll of amnesia {unknown}
Potions
 d - a potion of agility
 h - a potion of might {unknown}
 i - a potion of curing {unknown}
 q - a potion of magic {unknown}
 u - a potion of flight {unknown}
Comestibles
 c - 3 rations


   Skills:
 * Level 3.8 Fighting
 + Level 3.4 Maces & Flails
 + Level 1.0 Throwing
 * Level 2.5 Armour
 + Level 2.3 Dodging
 - Level 0.1 Stealth


You had 3 spell levels left.
You didn't know any spells.

Dungeon Overview and Level Annotations

Branches:
Dungeon (3/15)

Altars:
Gozag
Nemelex Xobeh

Annotations:
D:3 Sigmund


Innate Abilities, Weirdness & Mutations

You are partially covered in iridescent scales. (AC +2)
You sometimes gain power by taking damage.


Message History

You feel less confused. Something hits you.
Something hits you but does no damage. Something hits you!
* * * LOW HITPOINT WARNING * * *
You focus on the pain.
You feel agile all of a sudden.
It was a potion of brilliance.
You feel clever all of a sudden. Something hits you.
* * * LOW HITPOINT WARNING * * *
You hear some strange, mumbled words.
You are confused.
You bump into the rock wall.
You hear some strange, mumbled words.
Something tries to affect you, but you resist.
You bump into the rock wall.
Something hits you.
* * * LOW HITPOINT WARNING * * *
Something hits you.
You die...

#.#
#.#############
#.# #.# #.# #.#
#.# #.######
#.# #.##...#
#.# #.##...#
#.# ##.##...##
#.# #........#
#.# #@.......#
#.# #........#
#.# ##.#######
#.# #.#
#.#####.###
#.........#
#######.#.#
#......#.#
#.####.#.#


There were no monsters in sight!

Vanquished Creatures
  6 adders
  An ooze (D:3)
  A worm (D:2)
  A dart slug (D:1)
  A leopard gecko (D:2)
  An orc (D:3)
  A giant cockroach (D:3)
  7 goblins
  11 hobgoblins
  6 jackals (D:1)
  6 kobolds
  A quokka (D:3)
  4 bats (D:1)
  3 frilled lizards
  8 rats
58 creatures vanquished.

Notes
Turn   | Place    | Note
-------+----------+-------------------------------------------
     0 | D:1      | Artool the Demonspawn Berserker began the quest for the Orb.
     0 | D:1      | Reached XP level 1. HP: 18/18 MP: 1/1
   267 | D:1      | Gained mutation: You sometimes gain a little power by taking damage. [demonic ancestry]
   267 | D:1      | Reached XP level 2. HP: 9/24 MP: 2/2
   998 | D:1      | Reached ** piety under Trog
  1008 | D:1      | Gained mutation: You are partially covered in iridescent scales. (AC +2) [demonic ancestry]
  1008 | D:1      | Reached XP level 3. HP: 27/29 MP: 3/3
  1880 | D:2      | Found a faded altar of an unknown god.
  1885 | D:2      | Gained mutation: You sometimes gain power by taking damage. [demonic ancestry]
  1885 | D:2      | Reached XP level 4. HP: 36/36 MP: 4/4
  2171 | D:2      | Found an opulent altar of Gozag.
  2171 | D:2      | Found a sparkling altar of Nemelex Xobeh.
  3029 | D:3      | Reached skill level 1 in Throwing
  3060 | D:3      | Noticed Sigmund
  3088 | D:3      | Slain by Sigmund

Skill      XL: |  1  2  3  4 |
---------------+-------------+-----
Maces & Flails | 3 |  3.4
Armour         | 2 |  2.5
Dodging        | 2 |  2.3
Throwing       | 1 |  1.0
Fighting       | |  3.8
Stealth        | |  0.1

Action                   |  1- 3 |  4- 6 || total
-------------------------+-------+-------++-------
Melee: Mace              |   108 |    73 ||   181
Invok: Berserk           |     2 |     2 ||     4
  Use: Potion            |       |     1 ||     1
  Eat: Chunk             |     5 |     5 ||    10
Armor: Animal skin       |    21 |       ||    21
       Ring mail         |     8 |    33 ||    41
Dodge: Dodged            |    72 |    38 ||   110
